% Time on Ice - BOISE CARIBOUS
Lines # - Real PCT - Wanted PCT - Time Play
Normal Forward
1 - 35% - 35% - 14:23
2 - 30% - 30% - 12:11
3 - 24% - 24% - 9:49
4 - 11% - 11% - 4:31
Normal Defense
1 - 36% - 34% - 14:33
2 - 33% - 33% - 13:42
3 - 31% - 31% - 12:39
4 - 0% - 2% - 0:00
PP Forward
1 - 51% - 55% - 2:56
2 - 49% - 45% - 2:48
PP Defense
1 - 54% - 55% - 3:07
2 - 46% - 45% - 2:37
PK Forward
1 - 61% - 55% - 8:08
2 - 39% - 45% - 5:14
PK Defense
1 - 52% - 55% - 6:59
2 - 48% - 45% - 6:23
PK3 Forward
1 - 0% - 55%
2 - 0% - 45%
PK3 Defense
1 - 0% - 55%
2 - 0% - 45%
44 Forward
1 - 0% - 55%
2 - 0% - 45%
44 Defense
1 - 0% - 55%
2 - 0% - 45%
Last Minute Offensive  - 0:00
Last Minute Defensive  - 0:00
Total
Forward - 60:00
Defense - 60:00
% Time on Ice - CALGARY FIREMEN
Lines # - Real PCT - Wanted PCT - Time Play
Normal Forward
1 - 33% - 35% - 13:30
2 - 30% - 32% - 12:09
3 - 24% - 23% - 9:50
4 - 13% - 10% - 5:25
Normal Defense
1 - 37% - 35% - 14:58
2 - 34% - 32% - 13:44
3 - 25% - 23% - 10:11
4 - 5% - 10% - 2:01
PP Forward
1 - 49% - 55% - 6:34
2 - 51% - 45% - 6:48
PP Defense
1 - 55% - 55% - 7:24
2 - 45% - 45% - 5:58
PK Forward
1 - 48% - 50% - 2:45
2 - 52% - 50% - 2:59
PK Defense
1 - 54% - 50% - 3:06
2 - 46% - 50% - 2:38
PK3 Forward
1 - 0% - 50%
2 - 0% - 50%
PK3 Defense
1 - 0% - 50%
2 - 0% - 50%
44 Forward
1 - 0% - 50%
2 - 0% - 50%
44 Defense
1 - 0% - 50%
2 - 0% - 50%
Last Minute Offensive  - 0:00
Last Minute Defensive  - 0:00
Total
Forward - 60:00
Defense - 60:00
Play-by-Play 1st period 0:01 of 1st period - Dominik Kubalik wins face-off versus Kyle Palmieri in neutral zone. 0:01 of 1st period - Dominik Kubalik is hit by Kyle Palmieri. 0:09 of 1st period - Shot by John Tavares. 0:09 of 1st period - Shot Misses the Net. 1:02 of 1st period - Ryan Johansen is hit by Rasmus Andersson and loses puck. 2:07 of 1st period - Shot by Brett Howden. 2:07 of 1st period - Stopped by Jake Allen with a rebound. 2:17 of 1st period - Shot by Kaapo Kakko. 2:17 of 1st period - Shot Misses the Net. 2:37 of 1st period - Shot by Kaapo Kakko. 2:37 of 1st period - Shot Misses the Net. 2:39 of 1st period - Shot by Dmitry Kulikov. 2:39 of 1st period - Shot Blocked by Markus Nutivaara. 2:41 of 1st period - Shot by Kaapo Kakko. 2:41 of 1st period - Shot Hit the Post. 2:43 of 1st period - Shot by Dmitry Kulikov. 2:43 of 1st period - Deflect By Tim Stutzle. 2:43 of 1st period - Shot Misses the Net. 4:10 of 1st period - Shot by John Tavares. 4:10 of 1st period - Shot Misses the Net. 4:53 of 1st period - Shot by Kaapo Kakko. 4:53 of 1st period - Stopped by Vitek Vanecek with a rebound. 5:12 of 1st period - Shot by Kaapo Kakko. 5:12 of 1st period - Stopped by Vitek Vanecek without a rebound. 5:13 of 1st period - Lane Pederson wins face-off versus Paul Stastny in CALGARY FIREMEN zone. 6:18 of 1st period - Off-side. 6:19 of 1st period - John Tavares wins face-off versus Brett Howden in neutral zone. 6:33 of 1st period - Icing by Jani Hakanpaa. 6:34 of 1st period - John Tavares wins face-off versus Alexander Wennberg in BOISE CARIBOUS zone. 6:44 of 1st period - John Tavares is hit by Shayne Gostisbehere and loses puck. 8:39 of 1st period - Off-side. 8:40 of 1st period - Paul Stastny wins face-off versus Brett Howden in neutral zone. 9:48 of 1st period - Shot by Yakov Trenin. 9:48 of 1st period - Shot Blocked by Jani Hakanpaa. 10:32 of 1st period - Shot by Ivan Barbashev. 10:32 of 1st period - Shot Blocked by Brendan Gallagher. 10:34 of 1st period - Shot by Rasmus Andersson. 10:34 of 1st period - Shot Misses the Net. 10:51 of 1st period - Icing by Ryan Johansen. 10:52 of 1st period - Ryan Johansen wins face-off versus Jesperi Kotkaniemi in CALGARY FIREMEN zone. 10:54 of 1st period - Icing by Brendan Gallagher. 10:55 of 1st period - Jesperi Kotkaniemi wins face-off versus Ryan Johansen in CALGARY FIREMEN zone. 11:04 of 1st period - Shot by Kaapo Kakko. 11:04 of 1st period - Stopped by Vitek Vanecek with a rebound. 11:06 of 1st period - Shot by Jesperi Kotkaniemi. 11:06 of 1st period - Shot Misses the Net. 11:44 of 1st period - Shot by Kyle Palmieri. 11:44 of 1st period - Stopped by Jake Allen without a rebound. 11:45 of 1st period - Paul Stastny wins face-off versus Brett Howden in BOISE CARIBOUS zone. 12:07 of 1st period - Shot by Andre Burakovsky. 12:07 of 1st period - Shot Misses the Net. 12:09 of 1st period - Shot by Paul Stastny. 12:09 of 1st period - Goal by Paul Stastny - BOISE CARIBOUS : 1 - CALGARY FIREMEN : 0. 12:10 of 1st period - John Tavares wins face-off versus Alexander Wennberg in neutral zone. 12:42 of 1st period - Shot by Carl Soderberg. 12:42 of 1st period - Stopped by Jake Allen with a rebound. 12:47 of 1st period - Icing by Dmitry Kulikov. 12:48 of 1st period - Brett Howden wins face-off versus John Tavares in BOISE CARIBOUS zone. 12:50 of 1st period - Sam Gagner is hit by Jani Hakanpaa and loses puck. 12:55 of 1st period - Shot by Oskar Lindblom. 12:55 of 1st period - Shot Blocked by Jani Hakanpaa. 13:04 of 1st period - Minor Penalty to Jani Hakanpaa for Hooking. 13:05 of 1st period - Jesperi Kotkaniemi wins face-off versus Ryan Johansen in BOISE CARIBOUS zone. 13:30 of 1st period - Shot by Adam Henrique. 13:30 of 1st period - Stopped by Jake Allen without a rebound. 13:31 of 1st period - Paul Stastny wins face-off versus Alexander Wennberg in BOISE CARIBOUS zone. 13:31 of 1st period - Paul Stastny is hit by Alexander Wennberg. 14:44 of 1st period - Icing by Ryan Johansen. 14:45 of 1st period - Adam Henrique wins face-off versus Paul Stastny in CALGARY FIREMEN zone. 15:02 of 1st period - Shot by Shayne Gostisbehere. 15:02 of 1st period - Stopped by Jake Allen without a rebound. 15:03 of 1st period - Alexander Wennberg wins face-off versus Paul Stastny in BOISE CARIBOUS zone. 15:47 of 1st period - Shot by Jeff Carter. 15:47 of 1st period - Stopped by Vitek Vanecek without a rebound. 15:48 of 1st period - Paul Stastny wins face-off versus Kyle Palmieri in CALGARY FIREMEN zone. 16:03 of 1st period - Shot by Paul Stastny. 16:03 of 1st period - Shot Blocked by Shayne Gostisbehere. 16:14 of 1st period - Shot by Andre Burakovsky. 16:14 of 1st period - Shot Misses the Net. 16:49 of 1st period - Kaapo Kakko is hit by Marc-Edouard Vlasic. 17:08 of 1st period - Minor Penalty to Kyle Palmieri for Goalie Interference. 17:09 of 1st period - John Tavares wins face-off versus Brett Howden in CALGARY FIREMEN zone. 17:16 of 1st period - Shot by John Tavares. 17:16 of 1st period - Shot Misses the Net. 17:18 of 1st period - Shot by John Tavares. 17:18 of 1st period - Shot Blocked by Jacob MacDonald. 18:06 of 1st period - Shot by John Klingberg. 18:06 of 1st period - Shot Blocked by Jacob MacDonald. 18:08 of 1st period - Shot by John Klingberg. 18:08 of 1st period - Shot Blocked by Jacob MacDonald. 18:10 of 1st period - Shot by John Klingberg. 18:10 of 1st period - Shot Blocked by Jacob MacDonald. 19:06 of 1st period - Shot by Vladislav Namestnikov. 19:06 of 1st period - Stopped by Vitek Vanecek without a rebound. 19:07 of 1st period - Paul Stastny wins face-off versus Carl Soderberg in CALGARY FIREMEN zone. 19:27 of 1st period - Minor Penalty to Adam Henrique for Holding. 19:28 of 1st period - Paul Stastny wins face-off versus Carl Soderberg